Map: Bridgehead LE (Void)

Players

Shooble - Winner!

  • Race: Zerg Zerg
  • League: Bronze

wabbajack

  • Race: Zerg Zerg
  • League: Gold

VOD

Have the link to the VOD?

Description

Time

  • Played on: July 21, 2015, 11:53 p.m.
  • Length: 9:07
Show
View Real Time Build Order
Export as new Build Order

Shooble Zerg - Winner!

Build Orders: Hatch First 

Get SALT Encoding   

  12  0:01  Drone  
  13  0:12  Overlord  
  13  0:18  Drone  
  14  0:30  Drone x2  
  14  0:34  Drone  
  17  0:45  Drone  
  18  0:57  Hatchery  
  17  1:00  Drone  
  18  1:04  Extractor  
  18  1:10  Drone  
  18  1:19  Spawning Pool  
  18  1:22  Drone  
  18  1:32  Drone  
  19  1:38  Overlord  
  19  2:06  Queen  
  19  2:08  Metabolic Boost  
  21  2:10  Queen  
  21  2:15  Spine Crawler  
  22  2:20  Overlord  
  22  2:23  Drone  
  22  2:28  Drone  
  22  2:29  Drone  
  25  2:33  Drone  
  26  2:38  Drone  
  26  2:40  Drone  
  28  2:44  Drone  
  28  2:46  Drone  
  30  2:54  Drone x2  
  32  3:03  Drone  
  33  3:10  Drone  
  34  3:14  Extractor  
  34  3:15  Lair  
  34  3:19  Drone x3, Roach Warren  
  35  3:21  Drone  
  35  3:26  Overlord  
  36  3:28  Drone  
  36  3:31  Zergling x2  
  36  3:32  Zergling x2  
  39  3:34  Drone  
  37  3:49  Spore Crawler  
  37  3:53  Drone x4, Spore Crawler  
  39  3:57  Drone x2  
  39  4:01  Drone x2  
  43  4:08  Zergling x4, Extractor x2  
  43  4:14  Glial Reconstitution  
  43  4:17  Roach  
  45  4:20  Roach  
  45  4:22  Roach  
  49  4:33  Drone  
  49  4:34  Drone x2  
  49  4:35  Overlord  
  49  5:12  Overlord x6  
  48  5:23  Evolution Chamber  
  47  5:29  Roach x2  
  47  5:30  Roach x4  
  59  5:40  Roach x4  
  59  5:42  Roach x2  
  71  5:43  Roach  
  73  5:55  Roach x3  
  73  5:56  Roach  
  81  6:01  Zerg Missile Weapons Level 1  
  81  6:11  Zergling x2  
  81  6:12  Zergling x4  
  84  6:27  Zergling x16  
  92  6:44  Zergling x16  
  100  6:51  Spore Crawler  
  89  7:33  Roach  
  89  7:34  Roach x9, Zergling x4  
  80  7:50  Hydralisk Den  
  77  8:12  Drone x6  
  79  8:19  Hydralisk x3  
  83  8:23  Hatchery  
  83  8:26  Ravager x5  
  83  8:27  Ravager x2  
  91  8:30  Roach  
Show
View Real Time Build Order
Export as new Build Order

wabbajack Zerg 

Build Orders: Hatch First 

Get SALT Encoding   

  12  0:01  Drone  
  13  0:11  Drone  
  14  0:19  Overlord  
  14  0:27  Extractor  
  14  0:28  Drone  
  15  0:39  Drone x2  
  17  0:54  Hatchery  
  16  0:57  Extractor  
  16  0:59  Drone  
  16  1:02  Drone  
  17  1:19  Spawning Pool  
  16  1:27  Drone x2  
  16  1:29  Drone  
  19  1:41  Extractor  
  19  1:43  Drone  
  19  1:53  Overlord  
  19  2:09  Queen  
  19  2:11  Baneling Nest  
  19  2:12  Zergling x2  
  19  2:15  Zergling x2  
  24  2:21  Pneumatized Carapace  
  22  2:33  Spine Crawler  
  21  2:45  Queen  
  23  2:56  Baneling x2  
  23  2:58  Baneling  
  23  2:59  Baneling  
  23  3:32  Drone x2  
  23  3:33  Drone x6  
  29  3:54  Spine Crawler  
  28  3:56  Spine Crawler  
  28  3:57  Spine Crawler  
  28  3:59  Spine Crawler  
  28  4:00  Drone  
  28  4:01  Drone x4  
  30  4:12  Lair  
  30  4:21  Drone  
  30  4:22  Drone x3  
  34  4:31  Roach Warren  
  33  4:54  Overlord x2  
  33  4:55  Overlord  
  33  5:17  Glial Reconstitution  
  33  5:18  Roach x5  
  33  5:19  Roach x5  
  53  5:24  Overlord  
  53  5:32  Evolution Chamber  
  52  5:51  Zergling x4  
  52  5:54  Zergling x4  
  56  6:06  Zerg Missile Weapons Level 1  
  56  6:08  Roach  
  56  6:09  Roach x5  
  68  6:12  Overlord  
  68  6:20  Metabolic Boost  
  67  6:32  Zergling x2  
  67  6:33  Zergling x14  
  74  6:46  Overlord  
  74  6:50  Extractor, Queen  
  76  7:00  Overlord  
  72  7:16  Baneling x5  
  72  7:17  Baneling x4  
  72  7:19  Roach  
  72  7:20  Roach x4  
  62  7:45  Roach x6  
  62  7:46  Roach  
  76  8:10  Zergling x2  
  76  8:11  Zergling x12  
  76  8:12  Hydralisk Den  
  72  8:29  Drone x5  
  77  8:45  Zergling x2  
  77  8:46  Zergling x14  
Tags
 
Add a new tag
Caveats
  • Supply blocks, unpowered buildings, or Contaminate may cause inaccurate times.
  • Supply counts are checked every 10 seconds.